Map: Submarino EE

Players

HanibalBarca

  • Race: Terran Terran
  • League: Gold
  • Spawn Location: 11:00

MrFercho - Winner!

  • Race: Zerg Zerg
  • League: Silver
  • Spawn Location: 5:00

VOD

Have the link to the VOD?

Description

Time

  • Played on: July 15, 2020, 9:35 p.m.
  • Length: 17:06
Show
View Real Time Build Order
Export as new Build Order

HanibalBarca Terran 

Build Orders:  

Get SALT Encoding   

  12  0:13  SCV  
  13  0:16  Supply Depot  
  13  0:26  SCV  
  14  0:38  SCV  
  15  0:50  SCV, Barracks  
  16  1:02  SCV  
  17  1:14  SCV  
  18  1:26  SCV  
  18  1:28  Refinery x2  
  20  1:41  Orbital Command  
  20  1:43  Marine  
  20  2:00  Supply Depot x2  
  20  2:01  Marine  
  21  2:16  Ghost Academy  
  21  2:33  Factory  
  21  2:41  SCV  
  22  2:52  Marine  
  22  2:53  SCV  
  22  2:55  Bunker  
  24  3:05  SCV  
  25  3:10  Marine  
  26  3:15  Personal Cloaking  
  26  3:17  SCV  
  27  3:21  Factory Tech Lab  
  27  3:36  Starport  
  27  3:38  Starport  
  27  3:50  Engineering Bay  
  30  3:55  Siege Tank  
  30  4:02  SCV  
  31  4:14  SCV  
  32  4:27  Command Center  
  32  4:29  Liberator  
  35  4:36  Viking  
  37  4:58  Command Center  
  37  5:06  Armory  
  37  5:14  Starport Tech Lab x2  
  37  5:29  Sensor Tower  
  37  5:36  SCV  
  37  5:40  Barracks Tech Lab  
  38  5:59  Planetary Fortress  
  38  6:11  Drilling Claws  
  38  6:29  Refinery  
  38  6:31  Refinery  
  38  6:32  Missile Turret x2  
  38  6:40  Missile Turret  
  38  6:48  SCV  
  38  6:49  Missile Turret, Refinery x2  
  38  6:54  Missile Turret  
  39  6:58  Missile Turret  
  39  7:00  SCV  
  40  7:03  Sensor Tower  
  40  7:04  SCV  
  41  7:12  SCV  
  42  7:16  SCV  
  43  7:28  SCV  
  44  7:36  SCV  
  45  7:39  Starport Tech Lab  
  45  7:44  Starport Tech Lab  
  45  7:48  SCV, Sensor Tower  
  46  8:00  SCV  
  46  8:01  Factory x2  
  47  8:06  Factory  
  48  8:12  SCV  
  48  8:24  SCV  
  49  8:37  Orbital Command  
  49  8:57  Barracks Tech Lab  
  49  9:08  Command Center  
  49  9:11  Command Center  
  49  9:19  Barracks  
  49  9:23  Widow Mine x4  
  57  9:44  Widow Mine x2, Siege Tank x2  
  67  9:54  Supply Depot  
  67  10:01  Supply Depot  
  67  10:15  Medivac  
  67  10:16  Thor  
  75  10:23  Orbital Command, Barracks Tech Lab  
  75  10:43  Ghost x2  
  79  11:02  Widow Mine x3  
  79  11:03  Widow Mine  
  87  11:12  Ghost x2  
  87  11:18  Ghost Academy  
  91  11:20  Ghost Academy  
  91  11:24  Widow Mine  
  93  11:28  Ghost Academy  
  93  11:31  Ghost Academy  
  93  11:35  SCV  
  94  11:47  SCV  
  95  11:56  Cloaking Field  
  95  11:57  Hyperflight Rotors  
  95  12:25  Nuke x4  
  95  12:35  Ghost x2  
  99  12:44  Orbital Command  
  99  12:52  Liberator  
  102  12:59  Liberator  
  102  13:03  Ghost  
  102  13:04  Ghost  
  109  13:06  Siege Tank  
  99  13:25  Widow Mine x2, Siege Tank  
  91  13:49  Widow Mine x2  
  91  13:53  Widow Mine  
  84  14:58  Nuke  
  84  15:09  Refinery  
  84  15:14  Planetary Fortress  
  84  15:43  Nuke  
  84  15:48  Ghost Academy  
  84  15:52  Ghost Academy  
  84  15:55  Refinery  
  84  16:08  Nuke  
  84  16:16  Widow Mine, Liberator  
  84  16:17  Widow Mine  
  84  16:18  Widow Mine, Liberator  
  75  16:19  Widow Mine  
Show
View Real Time Build Order
Export as new Build Order

MrFercho Zerg - Winner!

Build Orders: Hatch First 

Get SALT Encoding   

  12  0:01  Drone  
  13  0:13  Overlord  
  13  0:17  Drone  
  14  0:32  Drone x2  
  16  0:58  Drone x2  
  16  1:00  Drone  
  16  1:02  Hatchery  
  18  1:06  Extractor  
  17  1:20  Spawning Pool  
  17  1:22  Drone  
  17  1:30  Drone  
  18  1:36  Drone  
  19  1:50  Drone  
  20  1:59  Drone  
  21  2:09  Drone  
  21  2:14  Drone x2  
  21  2:15  Queen x2  
  26  2:21  Metabolic Boost  
  28  2:26  Overlord  
  28  2:29  Overlord  
  28  2:47  Drone x4  
  32  2:55  Queen  
  34  3:01  Lair  
  34  3:03  Drone x2  
  36  3:14  Drone x2  
  38  3:26  Drone x5  
  43  3:39  Hatchery  
  42  4:10  Zergling x4  
  42  4:11  Overlord  
  42  4:12  Overlord  
  42  4:13  Overlord  
  44  4:19  Hatchery  
  44  4:21  Hydralisk Den  
  42  4:24  Evolution Chamber  
  41  4:31  Drone  
  41  4:32  Drone x3, Baneling Nest  
  44  4:53  Zergling x6  
  44  4:54  Zergling x14  
  54  5:11  Queen  
  56  5:14  Overlord x3  
  56  5:15  Overlord  
  56  5:17  Centrifical Hooks  
  56  5:28  Drone x7, Extractor  
  62  5:44  Extractor  
  61  5:52  Zerg Ground Armor Level 1  
  61  5:56  Drone x8  
  69  6:16  Muscular Augments  
  69  6:18  Extractor  
  69  6:22  Drone x9  
  69  6:23  Drone x3  
  69  6:24  Drone x5  
  85  6:30  Extractor  
  85  6:31  Hydralisk x2  
  85  6:32  Extractor  
  87  6:44  Drone x3  
  87  6:46  Overlord x2  
  90  6:47  Overlord x3  
  90  6:50  Hydralisk x2  
  90  6:53  Zergling x8  
  98  6:55  Baneling x2  
  98  7:13  Hatchery  
  97  7:27  Grooved Spines  
  97  7:34  Overseer  
  97  7:40  Hydralisk x5  
  97  7:41  Hydralisk x3  
  113  7:56  Hatchery  
  113  7:57  Hatchery, Zerg Melee Weapons Level 1  
  111  8:03  Evolution Chamber  
  111  8:05  Zergling x26  
  118  8:06  Zergling x6  
  126  8:31  Infestation Pit  
  125  8:39  Pneumatized Carapace  
  125  8:41  Hydralisk x10  
  145  8:52  Drone x5  
  150  9:08  Extractor  
  149  9:11  Extractor  
  149  9:12  Drone x10  
  158  9:54  Drone x3  
  158  9:55  Drone  
  158  9:58  Overlord x11  
  158  9:59  Overlord x2  
  162  10:13  Baneling x13  
  162  10:17  Hive  
  162  10:24  Zerg Melee Weapons Level 2  
  162  10:25  Zerg Missile Weapons Level 1  
  162  10:33  Evolution Chamber  
  161  10:36  Lurker Den  
  161  10:41  Spire  
  159  10:47  Hydralisk x18  
  159  10:48  Hydralisk x2  
  199  11:19  Hatchery  
  199  11:22  Hatchery  
  197  11:42  Zerg Ground Armor Level 2  
  197  11:47  Seismic Spines  
  198  12:15  Lurker  
  198  12:16  Lurker  
  198  12:17  Lurker  
  200  12:44  Adaptive Talons  
  106  13:57  Hydralisk x13  
  106  13:58  Hydralisk x19  
  151  14:25  Greater Spire  
  151  14:26  Zergling x2  
  151  14:27  Zergling x26  
  159  15:24  Baneling x7  
  159  15:25  Baneling x21  
  159  15:29  Zergling x22  
  159  15:30  Zergling x54  
  159  15:31  Zergling x6  
  186  16:00  Overseer  
  95  16:39  Hydralisk  
  95  16:40  Hydralisk x23  
  95  16:41  Hydralisk x7  
Tags
 
Matchup
TvZ
Replay Pack
MrFercho
Spawn Locations
Cross Positions
Add a new tag
Caveats
  • Supply blocks, unpowered buildings, or Contaminate may cause inaccurate times.
  • Supply counts are checked every 10 seconds.